 Dungeon Crawl Stone Soup version 0.30-a0-347-gf58ed5266c (webtiles) character file.

Game seed: 10596904751178485823

363 blackman the Charlatan (level 7, 0/50 (52) HPs)
             Began as a Human Delver on Nov 6, 2022.
             Slain by a wight
             ... wielding a +0 war axe
              (2 damage)
             ... on level 6 of the Dungeon.
             The game lasted 00:02:14 (1378 turns).

blackman the Charlatan (Human Delver)               Turns: 1378, Time: 00:02:14

HP:   0/50 (52)     AC:  3    Str: 13    XL:     7   Next: 0%
MP:   7/7           EV: 12    Int: 12    God:
Gold: 84            SH:  0    Dex: 14    Spells: 6/6 levels left

rFire   . . .      SeeInvis .    h - +3 dire flail
rCold   . . .      Faith    .    (shield currently unavailable)
rNeg    . . .      Spirit   .    b - +0 leather armour
rPois   .          Reflect  .    (no helmet)
rElec   .          Harm     .    (no cloak)
rCorr   .          Rampage  .    (no gloves)
Will    .....                    (no boots)
Stlth   +++.......               (no amulet)
HPRegen 0.28/turn                (no ring)
MPRegen 0.10/turn                (no ring)

@: lightly drained
A: no striking features
a: no special abilities


You were on level 6 of the Dungeon.
You visited 1 branch of the dungeon, and saw 2 of its levels.

You collected 84 gold pieces.

Inventory:

Hand Weapons
 a - a +0 falchion
 h - a +3 dire flail (weapon)
 k - a +5 war axe
Armour
 b - a +0 leather armour (worn)
Wands
 g - a wand of digging (3)
Scrolls
 c - a scroll of fog
 d - 2 scrolls of magic mapping
 e - a scroll of fear
 i - a scroll of blinking {unknown}
 m - a scroll of amnesia {unknown}
Potions
 f - a potion of haste
 j - a potion of magic {unknown}
 l - a potion of curing {unknown}
 n - a potion of might {unknown}


   Skills:
 - Level 3.0 Fighting
 - Level 2.8 Long Blades
 - Level 2.0 Dodging
 - Level 5.0 Stealth
 * Level 6.1 Evocations


You had 6 spell levels left.
You didn't know any spells.
Your spell library was empty.

Dungeon Overview and Level Annotations

Branches:
Dungeon (6/15)
 Temple: D:4-7

Altars:
Hepliaklqana
Xom


Message History

* * * LOW HITPOINT WARNING * * *
You feel much better.
The wight hits you with a +3 dire flail.
You closely miss the wight.
The wight is almost destroyed.
The wight closely misses you. x2
You slash the wight!
You destroy the wight!
Your life force feels restored.
Your Evocations skill increases to level 6!
You have reached level 7!
Items here: ))) [[[.
h - a +3 dire flail
h - a +3 dire flail (weapon)
HP restored.
A wight comes into view. It is wielding a +0 war axe.
A wight is nearby!
A wight is nearby!
A wight is nearby!
The wight misses you.
You completely miss the wight. The wight hits you with a +0 war axe!
You closely miss the wight. The wight hits you with a +0 war axe!
You sock the wight!
The wight is heavily damaged.
The wight hits you with a +0 war axe!
You are too injured to fight recklessly!
You are too injured to fight recklessly!
You hit the wight but do no damage.
The wight is heavily damaged.
The wight hits you with a +0 war axe!
* * * LOW HITPOINT WARNING * * *
You feel drained.
* * * LOW HITPOINT WARNING * * *
The wight hits you with a +0 war axe!
* * * LOW HITPOINT WARNING * * *
You feel drained.
You barely miss the wight.
The wight is heavily damaged.
The wight hits you with a +0 war axe.
You die...

. #.###...#
..####.......#
........#....## ###
........#.....# ...
#.......##....#####.#
#######.#####...[[..#
#.# #####...# #.###
#..### #...# #@##
##..# #z# #..### !.#
#....# ..##
##.#.>....
#.#########
#.........####
#)......#.##<#
#.........##.#


You could see a wight.

Vanquished Creatures
  An ice beast (D:5)
  4 wights (D:6)
  A jelly (D:5)
  An iguana (D:5)
  An adder (D:5)
  A white imp (D:5)
  2 jackals (D:5)
11 creatures vanquished.

Notes
Turn   | Place    | Note
-------+----------+-------------------------------------------
     0 | D:5      | blackman the Human Delver began the quest for the Orb.
     0 | D:5      | Reached XP level 1. HP: 18/18 MP: 1/1
    44 | D:5      | Reached XP level 2. HP: 21/24 MP: 2/2
   358 | D:5      | Noticed an ice beast
   365 | D:5      | Killed an ice beast
   366 | D:5      | Reached skill level 3 in Evocations
   366 | D:5      | Reached XP level 3. HP: 29/29 MP: 3/3
   366 | D:5      | Reached XP level 4. HP: 35/35 MP: 4/4
   366 | D:5      | Reached XP level 5. HP: 41/41 MP: 5/5
   498 | D:5      | Found a shimmering altar of Xom.
   499 | D:5      | Found a hazy altar of Hepliaklqana.
   500 | D:5      | Noticed a spectral ugly thing
   565 | D:5      | Reached skill level 4 in Evocations
   959 | D:6      | Reached skill level 5 in Evocations
   959 | D:6      | Reached XP level 6. HP: 20/47 MP: 6/6
  1323 | D:6      | Reached skill level 6 in Evocations
  1323 | D:6      | Reached XP level 7. HP: 38/52 MP: 7/7
  1377 | D:6      | HP: 2/51 [wight/+0 war axe (9)]
  1378 | D:6      | Slain by a wight

Illustrated notes

Levels and vault maps discovered:
D:5:      layout_cave_pods, regret_index_temple_of_mockery,
          chequers_serial_rivers_small_a, dreamdust_wishing_well
D:6:      layout_basic, grunt_qazlal_clouds, tso_altar, uniq_duvessa

Skill      XL: |  1  2  3  4  5  6 |
---------------+-------------------+-----
Evocations     | 3 5 6 |  6.1
Fighting       | |  3.0
Long Blades    | |  2.8
Dodging        | |  2.0
Stealth        | |  5.0

Action                   |  1- 3 |  4- 6 |  7- 9 || total
-------------------------+-------+-------+-------++-------
Melee: Falchion          |    30 |     6 |       ||    36
       Punch             |     1 |       |       ||     1
       War axe           |       |     6 |       ||     6
       Dire flail        |       |       |     5 ||     5
Evoke: Wand              |     4 |    18 |       ||    22
  Use: Potion            |     1 |     1 |       ||     2
 Stab: Sleeping          |     2 |     1 |       ||     3
Armor: Leather armour    |     9 |     3 |       ||    12
Dodge: Dodged            |    27 |     9 |     1 ||    37

Table legend: (Time is in decaauts)
 A = Elapsed time spent in this place.
 B = Non-inter-level travel time spent in this place.
 C = Inter-level travel time spent in this place.
 D = Time resting spent in this place.
 E = Time spent auto-exploring this place.
 F = Levels seen in this place.
 G = Mean time per level.
                   A        B        C        D        E       F      G
               +--------+--------+--------+--------+--------+-----+--------+
         Total |   1387 |   1356 |     31 |    326 |    888 |   2 |  693.5 |
       Dungeon |   1387 |   1356 |     31 |    326 |    888 |   2 |  693.5 |
               +--------+--------+--------+--------+--------+-----+--------+

Top non-repeatable levels by time:
     D:5: 883 daAuts
     D:6: 504 daAuts
